 Dungeon Crawl Stone Soup version 0.32-a0-132-g2d33c3cfaf (webtiles) character file.

Game seed: 16180077869678298062

32 SmokeWeed the Firebug (level 3, 0/20 HPs)
             Began as a Tengu Fire Elementalist on Feb 10, 2024.
             Slain by Robin
             ... wielding a +0 spear
              (3 damage)
             ... on level 2 of the Dungeon.
             The game lasted 00:02:42 (1026 turns).

SmokeWeed the Firebug (Tengu Fire Elementalist)     Turns: 1026, Time: 00:02:43

Health: 0/20       AC:  2    Str:  8    XL:     3   Next: 25%
Magic:  3/7        EV: 13    Int: 15    God:
Gold:   55         SH:  0    Dex: 16    Spells: 3/6 levels left

rFire   . . .        e - +0 short sword
rCold   . . .        (no shield)
rNeg    . . .        a - +0 robe
rPois   .            (helmet restricted)
rElec   .            (no cloak)
rCorr   .            (no gloves)
SInv    .            (boots unavailable)
Will    .....        (no amulet)
Stlth   ++           (no ring)
HPRegen 0.23/turn    (no ring)
MPRegen 0.10/turn

%: acrobat
@: no status effects
A: beak, talons 3, acrobatic
a: no special abilities


You were on level 2 of the Dungeon.
You visited 1 branch of the dungeon, and saw 2 of its levels.

You collected 55 gold pieces.

Inventory:

Hand Weapons
 e - a +0 short sword (weapon)
Missiles
 h - 9 poisoned darts
Armour
 a - a +0 robe (worn)
Scrolls
 g - a scroll of blinking
 j - a scroll of teleportation {unknown}
Potions
 b - a potion of magic
 c - a potion of berserk rage {unknown}
 d - a potion of lignification {unknown}
 f - a potion of heal wounds {unknown}
 i - a potion of might {unknown}
 k - a potion of curing {unknown}


   Skills:
 + Level 0.4 Fighting
 + Level 0.1 Short Blades
 + Level 2.7 Dodging
 + Level 2.2 Stealth
 + Level 2.2 Spellcasting
 + Level 1.3 Conjurations
 + Level 3.9 Fire Magic


You had 3 spell levels left.
You knew the following spells:

 Your Spells              Type           Power      Damage    Failure   Level
a - Foxfire               Conj/Fire      36%        2x1d5     8%          1
b - Scorch                Fire           26%        2d6       6%          2

Your spell library contained the following spells:

 Spells                   Type           Power      Damage    Failure   Level
 Inner Flame              Hex/Fire       7%         N/A       28%         3
 Volatile Blastmotes      Fire/Tloc      14%        2d11      28%         3
 Flame Wave               Conj/Fire      9%         2d6       58%         4
 Sticky Flame             Fire/Alch      7%         2d4       67%         4


Dungeon Overview and Level Annotations

Branches:
Dungeon (2/15)

Altars:

Annotations:
D:2 Robin


Innate Abilities, Weirdness & Mutations

You have a beak for a mouth.
You have claws for feet.
You can magically evade attacks while moving or waiting.


Message History

No target in view!
There is a stone staircase leading down here.
Robin, 4 goblins and a hobgoblin come into view.
Robin shouts!
The goblin shouts! x2
The goblin shouts! x2; The hobgoblin shouts!
You hit the goblin but do no damage. The goblin hits you but does no damage.
You hit the goblin but do no damage. The goblin hits you with a +0 dagger.
A hobgoblin comes into view.
You hit the goblin.
You kill the goblin!
Robin roars a battlecry!
The goblins go into a battle-frenzy!
You hit the goblin. You peck the goblin.
You kill the goblin!
The goblin misses you. Robin throws the goblin at you!
Items here: )) ††.
You hit the goblin.
You kill the goblin!
Robin hits you from afar with a +0 spear.
Robin completely misses you.
You closely miss Robin. Your kick misses Robin. Robin hits you with a +0 spear.
You are too injured to fight recklessly!
You are too injured to fight recklessly!
Casting: Scorch (safe; 6% risk of failure)
Press: ? - help, Q - select action, (/) - cycle Dir - look around, f - activate Look: Robin, wielding a +0 spear, wearing a +0 animal skin and wearing a +2 helmet Flames lash the goblin.
You kill the goblin!
You hear a shout!
Robin hits you with a +0 spear.
* * * LOW HITPOINT WARNING * * *
Casting: Scorch (safe; 6% risk of failure)
Press: ? - help, Q - select action, (/) - cycle Dir - look around, f - activate Look: Robin, wielding a +0 spear, wearing a +0 animal skin and wearing a +2 helmet Flames lash Robin.
Robin is heavily wounded.
Robin's fire resistance burns away.
Robin hits you with a +0 spear.
You die...
Robin says, "And that's why I'm the boss."

#...#
##.# ####
#.# #.#
#.# #.#
#.# #.#
#######.#
#.ggg@))#
#.#######


You could see Robin (combustible) and 2 hobgoblins.

Vanquished Creatures
  A ball python (D:2)
  2 endoplasms
  5 goblins
  A hobgoblin (D:1)
  6 jackals (D:1)
  A quokka (D:1)
  5 bats (D:1)
  2 frilled lizards
  2 kobolds (D:1)
  4 rats
29 creatures vanquished.

Vanquished Creatures (others)
  9 foxfires (D:1)
9 creatures vanquished.

Grand Total: 38 creatures vanquished

Notes
Turn   | Place    | Note
-------+----------+-------------------------------------------
     0 | D:1      | SmokeWeed the Tengu Fire Elementalist began the quest for
                  | the Orb.
     0 | D:1      | Reached XP level 1. HP: 10/10 MP: 4/4
    68 | D:1      | Reached XP level 2. HP: 9/15 MP: 0/6
   145 | D:1      | Learned a level 2 spell: Scorch
   757 | D:2      | Reached XP level 3. HP: 11/19 MP: 7/7
  1016 | D:2      | Noticed Robin
  1026 | D:2      | Slain by Robin

Illustrated notes

Levels and vault maps discovered:
D:1:      scummos_arrival_star, layout_rooms, nrook_loot_triangle,
          chequers_serial_rivers_large_b
D:2:      layout_basic, minmay_hexomino_f4, uniq_robin, uniq_sigmund

Action                     || total
---------------------------++-------
  Melee: Unarmed           ||    16
         Peck              ||     7
         Kick              ||     6
         Short sword       ||    18
   Cast: Foxfire           ||     8
         Scorch            ||    14
    Use: Scroll            ||     2
   Stab: Sleeping          ||     4
 Armour: Robe              ||    72
  Dodge: Dodged            ||   218

Table legend: (Time is in decaauts)
 A = Elapsed time spent in this place.
 B = Non-inter-level travel time spent in this place.
 C = Inter-level travel time spent in this place.
 D = Time resting spent in this place.
 E = Time spent auto-exploring this place.
 F = Levels seen in this place.
 G = Mean time per level.
                   A        B        C        D        E       F      G
               +--------+--------+--------+--------+--------+-----+--------+
         Total |   1052 |   1052 |      0 |      0 |    718 |   2 |  526.0 |
       Dungeon |   1052 |   1052 |      0 |      0 |    718 |   2 |  526.0 |
               +--------+--------+--------+--------+--------+-----+--------+

Top non-repeatable levels by time:
     D:1: 780 daAuts
     D:2: 272 daAuts
